 Dungeon Crawl Stone Soup version 0.17-a0-1625-g47e540b (webtiles) character file.

484 HEYYEYAAE the Changer (level 6, -2/32 HPs)
             Began as a Spriggan Transmuter on Aug 2, 2015.
             Slain by Prince Ribbit (18 damage)
             ... on level 5 of the Dungeon.
             The game lasted 00:08:33 (5540 turns).

HEYYEYAAE the Changer (Spriggan Transmuter)         Turns: 5540, Time: 00:08:33

Health: -2/32      AC:  2    Str:  8    XL:     6   Next: 88%
Magic:  10/11      EV: 24    Int: 15    God:
Gold:   147        SH:  0    Dex: 21    Spells: 4 memorised, 0 levels left

rFire  . . .     SeeInvis +       - Unarmed
rCold  . . .     Clarity  .     (armour currently unavailable)
rNeg   . . .     SustAt   .     (shield currently unavailable)
rPois  x         Gourm    .     (helmet currently unavailable)
rElec  .         Spirit   .     (cloak currently unavailable)
rCorr  .         Warding  .     (gloves unavailable)
rMut   .         Stasis   .     (boots unavailable)
MR     +....                    (no amulet)
Stlth  ++........               (no ring)
                                (no ring)

@: spider-form (expiring), somewhat resistant to hostile enchantments,
unstealthy
A: unfitting armour, see invisible, herbivore 3, (speed 0), slow metabolism 2
a: End Transformation


You were on level 5 of the Dungeon.
You were not hungry.
You were a venomous arachnid creature.
You visited 1 branch of the dungeon, and saw 5 of its levels.

You collected 147 gold pieces.

Inventory:

Hand weapons
 e - a +0 dagger
 f - a +0 mace of crushing (melded)
 B - a +3 rapier
Missiles
 u - 2 tomahawks (quivered)
 w - 17 arrows
Armour
 b - a +0 robe (melded)
 j - a +0 cloak (melded)
 m - a +0 buckler (melded)
Magical staves
 F - an uncursed staff of wizardry {unknown}
Jewellery
 C - an uncursed ring of positive energy {unknown}
Magical devices
 o - a wand of lightning (7)
Scrolls
 h - 2 scrolls of amnesia
 i - 2 scrolls of noise {unknown}
 l - a scroll of remove curse {unknown}
 p - 2 scrolls of teleportation {unknown}
 r - a scroll of random uselessness {unknown}
 s - 2 scrolls of fear {unknown}
 y - a scroll of magic mapping {unknown}
 z - a scroll of fog {unknown}
 E - a scroll of enchant weapon {unknown}
Potions
 a - a potion of curing
 k - a potion of ambrosia
 n - a potion of heal wounds
 q - a potion of resistance
 t - a potion of haste {unknown}
 v - a potion of experience {unknown}
 D - a potion of brilliance {unknown}
Books
 c - a book of Changes

   Spells                             Type                      Level
   a - Beastly Appendage              Transmutation                1
   b - Sticks to Snakes               Transmutation                2
   c - Spider Form                    Transmutation/Poison         3
   d - Ice Form                       Ice/Transmutation            4
   e - Blade Hands                    Transmutation                5
Comestibles
 d - a bread ration
 g - 6 fruits
 A - a royal jelly


   Skills:
 * Level 3.5 Fighting
 - Level 4.4 Dodging
 + Level 3.6 Unarmed Combat
 - Level 3.1 Spellcasting
 * Level 5.5 Transmutations
 - Level 1.0 Evocations


You couldn't memorise any spells.
You knew the following spells:

 Your Spells              Type           Power        Failure   Level  Hunger
a - Beastly Appendage     Trmt           ###...       8%          1    #......
b - Sticks to Snakes      Trmt           ###.......   12%         2    ##.....
c - Spider Form           Trmt/Pois      ##........   41%         3    ###....
d - Blade Hands           Trmt           ###.......   85%         5    ######.


Dungeon Overview and Level Annotations

Branches:
Dungeon (5/15)
 Temple: D:4-7

Altars:

Annotations:
D:5 Prince Ribbit


Innate Abilities, Weirdness & Mutations

You are tiny and cannot use many weapons and most armour.
You have supernaturally acute eyesight.
You are a herbivore.
((You cover ground extremely quickly.))
You need consume almost no food.


Message History

Prince Ribbit is heavily wounded.
Prince Ribbit hits you.
Prince Ribbit momentarily phases out as your attack passes through him.
Prince Ribbit is heavily wounded.
Prince Ribbit misses you.
You hit Prince Ribbit.
Prince Ribbit looks even sicker.
Prince Ribbit is heavily wounded.
Prince Ribbit barely misses you. Prince Ribbit completely misses you.
You hit Prince Ribbit.
Prince Ribbit is heavily wounded.
Prince Ribbit hits you!
Prince Ribbit momentarily phases out as your attack passes through him.
Prince Ribbit is severely wounded.
Prince Ribbit blinks!
Prince Ribbit misses you.
Prince Ribbit momentarily phases out as your attack passes through him.
Prince Ribbit is almost dead.
Prince Ribbit hits you!!
Ouch! That really hurt!
You die...

#.## ##..## ....#
#...# #...# #..#
# # #..#.#
#####.#####..#.#
.%......sF.....#
......ยง..##....#
#####.##.##.##.#
#.##.##.# ...
....<...####.#
...##.##..# .# ##
#.###.# # #.# #.#
#.# #.# #.#


You could see Prince Ribbit.

Vanquished Creatures
  Sigmund (D:3)
  A giant frog (D:5)
  An orc priest (D:4)
  An orc wizard (D:4)
  2 giant frog skeletons
  3 gnolls (D:4)
  2 oozes
  An adder skeleton (D:4)
  A worm (D:4)
  2 giant geckos
  16 orcs
  7 bats
  11 giant cockroaches
  5 hobgoblins
  2 jackals (D:2)
  6 kobolds
  A ball python (D:4)
  A giant gecko skeleton (D:4)
  4 giant newts
  13 goblins
  14 rats
95 creatures vanquished.

Vanquished Creatures (collateral kills)
  2 adders (D:2)
  A giant newt (D:2)
  A rat (D:2)
4 creatures vanquished.

Vanquished Creatures (others)
  4 toadstools (D:1)
4 creatures vanquished.

Grand Total: 103 creatures vanquished

Notes
Turn   | Place    | Note
--------------------------------------------------------------
     0 | D:1      | HEYYEYAAE the Spriggan Transmuter began the quest for the Orb.
     0 | D:1      | Reached XP level 1. HP: 9/9 MP: 5/5
    62 | D:1      | Reached skill level 1 in Fighting
   318 | D:1      | Reached XP level 2. HP: 9/14 MP: 4/6
   338 | D:1      | Learned a level 2 spell: Sticks to Snakes
  1535 | D:2      | Reached XP level 3. HP: 18/18 MP: 8/8
  2211 | D:3      | Learned a level 3 spell: Spider Form
  2970 | D:4      | Reached XP level 4. HP: 23/23 MP: 3/9
  2975 | D:4      | Reached skill level 4 in Dodging
  3637 | D:3      | Reached XP level 5. HP: 18/26 MP: 1/10
  3785 | D:3      | Reached skill level 1 in Evocations
  4496 | D:3      | Noticed Sigmund
  4512 | D:3      | Killed Sigmund
  4512 | D:3      | Reached XP level 6. HP: 17/32 MP: 5/11
  5037 | D:4      | Reached skill level 5 in Transmutations
  5366 | D:5      | Entered Level 5 of the Dungeon
  5440 | D:5      | Learned a level 5 spell: Blade Hands
  5467 | D:5      | Noticed Prince Ribbit
  5540 | D:5      | Slain by Prince Ribbit

Vault maps used:
D:1:      ldierk_walled_garden_2
D:2:      patterned_corridor
D:3:      kennysheep_the_goblin_king, first_bread, amethyst_killhole,
          uniq_sigmund
D:5:      uniq_menkaure, uniq_prince_ribbit1

Action                   |  1- 3 |  4- 6 || total
-------------------------+-------+-------++-------
Melee: Unarmed           |    32 |   101 ||   133
       Dagger            |   134 |     6 ||   140
       Mace              |       |    90 ||    90
Throw: Tomahawk          |       |     5 ||     5
 Cast: Beastly Appendage |    20 |     1 ||    21
       Sticks to Snakes  |    12 |       ||    12
       Spider Form       |     1 |    15 ||    16
  Use: Scroll            |     5 |     3 ||     8
       Potion            |     1 |       ||     1
 Stab: Sleeping          |     3 |     4 ||     7
  Eat: Bread ration      |     1 |       ||     1
       Pizza             |       |     1 ||     1
